[ AOE2 MATCH · #506781182 ]
UnrankedTupi vs Dravidians
Player's team · WIN
[ REPLAY ANALYSIS · EXTRACTED FROM THE RECORDED GAME ]
Feudal
9:41
Castle
27:59
Imperial
—
| APM avg | 52.1 |
| APM peak | 89 |
| eAPM avg | 25.8 |
| Villagers / military | 75 / 6 |
Focus
⚔️ 40.4% · 🌾 59.6%
Unknown (2550) ×28 · Archer ×4 · Skirmisher ×2
Feudal
8:55
Castle
26:22
Imperial
—
| APM avg | 54.0 |
| APM peak | 76 |
| eAPM avg | 26.0 |
| Villagers / military | 51 / 48 |
Focus
⚔️ 36.7% · 🌾 63.3%
Archer ×24 · Spearman ×12 · Skirmisher ×11 · Mangonel ×1
Match map
Initial resources + every placement click. Lines = walls · curves = elevation contours. ◆ gold · ⬟ stone · ● berries · ✦ relic · ◌ wall gap
Your base· Open — unwalled flank
FMarcoss's base· Open — unwalled flank
Smoothed initial terrain · ◌ = detected wall gap · hover for details
Inputs per minute
— Lina - - FMarcoss
Build order — Lina
First 150 of 201 actions detected
| 0:00 | Create | Villager (Male) |
| 0:01 | Create | Villager (Male) |
| 0:02 | Build | House |
| 0:10 | Create | Villager (Male) |
| 0:13 | Create | Villager (Male) |
| 0:13 | Create | Villager (Male) |
| 0:57 | Create | Villager (Male) |
| 1:18 | Build | Settlement |
| 1:33 | Create | Villager (Male) |
| 1:33 | Create | Villager (Male) |
| 2:06 | Create | Villager (Male) |
| 2:26 | Create | Villager (Male) |
| 2:26 | Create | Villager (Male) |
| 2:52 | Create | Villager (Male) |
| 2:52 | Create | Villager (Male) |
| 3:10 | Create | Villager (Male) |
| 3:11 | Create | Villager (Male) |
| 3:31 | Build | House |
| 3:36 | Create | Villager (Male) |
| 3:37 | Create | Villager (Male) |
| 4:03 | Build | Barracks |
| 4:11 | Create | Villager (Male) |
| 4:11 | Create | Villager (Male) |
| 4:24 | Create | Villager (Male) |
| 4:48 | Build | House |
| 4:55 | Create | Unit 2550 |
| 4:55 | Create | Unit 2550 |
| 5:09 | Create | Unit 2550 |
| 5:09 | Create | Unit 2550 |
| 5:20 | Create | Villager (Male) |
| 5:33 | Create | Unit 2550 |
| 5:47 | Create | Villager (Male) |
| 6:07 | Create | Villager (Male) |
| 6:32 | Create | Villager (Male) |
| 6:44 | Research | Loom |
| 7:18 | Build | Settlement |
| 7:27 | Research | Feudal Age |
| 7:27 | Research | Feudal Age |
| 7:45 | Build | Outpost |
| 7:47 | Create | Unit 2550 |
| 7:54 | Create | Villager (Male) |
| 8:11 | Build | Palisade Wall |
| 8:20 | Build | House |
| 8:21 | Build | Palisade Wall |
| 8:31 | Build | House |
| 8:34 | Build | Palisade Wall |
| 8:38 | Create | Unit 2550 |
| 8:42 | Create | Villager (Male) |
| 8:59 | Build | Palisade Wall |
| 9:09 | Build | Palisade Wall |
| 9:10 | Build | Palisade Wall |
| 9:41 | Age | Feudal Age |
| 9:45 | Research | Tech 1402 |
| 9:48 | Research | Double-Bit Axe |
| 9:52 | Create | Villager (Male) |
| 9:59 | Create | Villager (Male) |
| 10:03 | Build | Archery Range |
| 10:04 | Create | Villager (Male) |
| 10:26 | Create | Unit 2550 |
| 10:35 | Create | Villager (Male) |
| 10:38 | Build | Palisade Wall |
| 10:43 | Build | Farm |
| 10:46 | Build | Farm |
| 11:02 | Build | Farm |
| 11:14 | Create | Unit 2550 |
| 11:17 | Build | Farm |
| 11:45 | Build | Farm |
| 12:01 | Build | Farm |
| 12:05 | Create | Villager (Male) |
| 12:09 | Build | Farm |
| 12:29 | Create | Skirmisher |
| 13:00 | Build | Settlement |
| 13:00 | Create | Villager (Male) |
| 13:02 | Build | Palisade Wall |
| 13:15 | Create | Villager (Male) |
| 13:16 | Build | Farm |
| 13:30 | Build | Farm |
| 13:39 | Build | House |
| 13:40 | Build | House |
| 13:43 | Build | Palisade Wall |
| 13:44 | Create | Villager (Male) |
| 14:07 | Create | Villager (Male) |
| 14:11 | Build | Farm |
| 14:24 | Build | House |
| 14:31 | Create | Villager (Male) |
| 14:39 | Build | Watch Tower |
| 14:46 | Create | Villager (Male) |
| 14:58 | Build | Watch Tower |
| 15:06 | Create | Villager (Male) |
| 15:07 | Build | Farm |
| 15:14 | Create | Unit 2550 |
| 15:30 | Create | Unit 2550 |
| 15:41 | Create | Villager (Male) |
| 15:45 | Build | Farm |
| 15:59 | Build | Farm |
| 16:02 | Create | Villager (Male) |
| 16:15 | Build | Farm |
| 16:29 | Create | Unit 2550 |
| 16:30 | Build | Farm |
| 16:56 | Create | Unit 2550 |
| 17:06 | Create | Villager (Male) |
| 17:07 | Create | Unit 2550 |
| 17:15 | Create | Unit 2550 |
| 17:22 | Build | Farm |
| 17:23 | Build | Farm |
| 17:23 | Build | Farm |
| 17:23 | Build | Farm |
| 17:24 | Build | Farm |
| 17:45 | Create | Skirmisher |
| 17:53 | Create | Villager (Male) |
| 17:59 | Build | Blacksmith |
| 18:05 | Create | Villager (Male) |
| 18:08 | Create | Unit 2550 |
| 18:23 | Build | House |
| 18:43 | Create | Unit 2550 |
| 18:44 | Create | Villager (Male) |
| 18:53 | Build | Watch Tower |
| 18:58 | Create | Villager (Male) |
| 19:05 | Build | Watch Tower |
| 19:06 | Create | Villager (Male) |
| 19:16 | Create | Villager (Male) |
| 19:42 | Research | Padded Archer Armor |
| 19:42 | Research | Padded Archer Armor |
| 19:43 | Research | Scale Mail Armor |
| 19:47 | Build | Farm |
| 19:48 | Build | Farm |
| 19:48 | Build | Farm |
| 19:51 | Build | Farm |
| 19:54 | Build | Farm |
| 20:08 | Build | Watch Tower |
| 20:11 | Research | Fletching |
| 20:11 | Research | Fletching |
| 20:18 | Create | Villager (Male) |
| 20:28 | Create | Villager (Male) |
| 20:37 | Create | Archer |
| 20:38 | Create | Archer |
| 20:47 | Create | Villager (Male) |
| 20:50 | Build | Farm |
| 20:55 | Create | Unit 2550 |
| 20:56 | Create | Unit 2550 |
| 21:05 | Create | Villager (Male) |
| 21:18 | Build | Farm |
| 21:19 | Research | Forging |
| 21:49 | Create | Unit 2550 |
| 21:51 | Create | Villager (Male) |
| 21:55 | Create | Archer |
| 22:05 | Create | Villager (Male) |
| 22:07 | Create | Villager (Male) |
| 22:26 | Create | Villager (Male) |
| 22:29 | Create | Villager (Male) |
Build order — FMarcoss
First 150 of 178 actions detected
| 0:00 | Create | Villager (Male) |
| 0:01 | Build | House |
| 0:02 | Build | House |
| 0:05 | Create | Villager (Male) |
| 0:07 | Create | Villager (Male) |
| 0:07 | Create | Villager (Male) |
| 1:29 | Create | Villager (Male) |
| 1:29 | Create | Villager (Male) |
| 1:55 | Build | Lumber Camp |
| 1:58 | Create | Villager (Male) |
| 2:20 | Create | Villager (Male) |
| 2:47 | Create | Villager (Male) |
| 3:14 | Create | Villager (Male) |
| 3:24 | Build | House |
| 3:26 | Create | Villager (Male) |
| 4:12 | Create | Villager (Male) |
| 4:12 | Create | Villager (Male) |
| 4:18 | Build | Mill |
| 4:34 | Create | Villager (Male) |
| 4:43 | Create | Villager (Male) |
| 5:24 | Create | Villager (Male) |
| 5:24 | Create | Villager (Male) |
| 5:24 | Create | Villager (Male) |
| 6:07 | Research | Loom |
| 6:45 | Research | Feudal Age |
| 6:45 | Research | Feudal Age |
| 7:09 | Build | House |
| 8:10 | Build | Barracks |
| 8:18 | Build | House |
| 8:27 | Build | Palisade Wall |
| 8:29 | Build | Palisade Wall |
| 8:31 | Build | Palisade Wall |
| 8:35 | Build | Palisade Wall |
| 8:36 | Build | Palisade Wall |
| 8:38 | Build | Palisade Wall |
| 8:52 | Create | Villager (Male) |
| 8:55 | Age | Feudal Age |
| 8:58 | Build | Archery Range |
| 8:59 | Create | Spearman |
| 9:00 | Research | Double-Bit Axe |
| 9:00 | Research | Double-Bit Axe |
| 9:14 | Create | Villager (Male) |
| 9:17 | Create | Spearman |
| 9:31 | Create | Villager (Male) |
| 9:34 | Build | Farm |
| 9:35 | Create | Skirmisher |
| 9:35 | Create | Skirmisher |
| 9:37 | Create | Spearman |
| 9:54 | Create | Villager (Male) |
| 9:56 | Build | Farm |
| 10:02 | Build | House |
| 10:08 | Create | Skirmisher |
| 10:27 | Build | Watch Tower |
| 10:37 | Build | Watch Tower |
| 10:42 | Create | Skirmisher |
| 10:43 | Create | Spearman |
| 10:43 | Create | Villager (Male) |
| 10:49 | Create | Villager (Male) |
| 11:05 | Create | Skirmisher |
| 11:52 | Create | Skirmisher |
| 11:54 | Create | Spearman |
| 11:55 | Create | Villager (Male) |
| 12:00 | Build | House |
| 12:04 | Build | Farm |
| 12:28 | Create | Spearman |
| 12:28 | Create | Skirmisher |
| 12:55 | Create | Skirmisher |
| 12:56 | Create | Spearman |
| 12:56 | Create | Villager (Male) |
| 12:59 | Build | Mining Camp |
| 13:04 | Build | Farm |
| 13:05 | Create | Villager (Male) |
| 13:19 | Create | Skirmisher |
| 13:20 | Create | Spearman |
| 13:43 | Create | Villager (Male) |
| 13:48 | Build | Farm |
| 13:49 | Build | Farm |
| 13:53 | Build | House |
| 14:12 | Create | Villager (Male) |
| 14:16 | Build | Mining Camp |
| 14:38 | Create | Skirmisher |
| 14:38 | Create | Spearman |
| 14:50 | Create | Villager (Male) |
| 15:03 | Build | Blacksmith |
| 15:08 | Create | Skirmisher |
| 15:08 | Create | Villager (Male) |
| 15:14 | Create | Archer |
| 15:18 | Create | Spearman |
| 15:28 | Create | Villager (Male) |
| 15:30 | Build | Farm |
| 15:37 | Create | Villager (Male) |
| 15:39 | Build | Farm |
| 15:44 | Build | House |
| 15:47 | Build | House |
| 15:52 | Create | Archer |
| 15:57 | Research | Fletching |
| 15:57 | Research | Fletching |
| 16:07 | Build | Farm |
| 16:08 | Create | Villager (Male) |
| 16:51 | Create | Archer |
| 17:15 | Create | Archer |
| 17:15 | Create | Villager (Male) |
| 17:17 | Build | Farm |
| 17:18 | Create | Villager (Male) |
| 17:20 | Build | House |
| 17:41 | Create | Archer |
| 17:47 | Create | Villager (Male) |
| 17:51 | Build | Palisade Wall |
| 17:59 | Build | Farm |
| 18:08 | Create | Spearman |
| 18:09 | Create | Archer |
| 18:17 | Create | Villager (Male) |
| 18:18 | Build | Farm |
| 18:25 | Build | House |
| 18:26 | Build | House |
| 18:48 | Create | Spearman |
| 19:11 | Build | Watch Tower |
| 19:17 | Create | Archer |
| 19:18 | Create | Villager (Male) |
| 19:21 | Create | Villager (Male) |
| 19:23 | Build | House |
| 19:29 | Build | Archery Range |
| 19:32 | Build | Farm |
| 20:02 | Create | Archer |
| 20:44 | Build | House |
| 20:45 | Create | Villager (Male) |
| 20:52 | Build | Market |
| 20:53 | Create | Villager (Male) |
| 21:04 | Create | Archer |
| 21:11 | Build | House |
| 21:15 | Create | Archer |
| 21:49 | Build | Watch Tower |
| 21:53 | Create | Archer |
| 21:59 | Create | Archer |
| 22:06 | Create | Villager (Male) |
| 22:22 | Build | Palisade Wall |
| 22:24 | Build | House |
| 22:26 | Build | Palisade Wall |
| 22:39 | Build | House |
| 22:44 | Build | Palisade Wall |
| 22:53 | Create | Archer |
| 23:22 | Create | Archer |
| 23:42 | Research | Castle Age |
| 23:54 | Create | Archer |
| 23:54 | Create | Archer |
| 23:56 | Create | Archer |
| 23:59 | Build | Farm |
| 24:08 | Build | Palisade Wall |
| 25:01 | Create | Villager (Male) |
| 25:51 | Create | Archer |
Match timeline
| 4:03 | Lina · first_building Barracks |
| 8:10 | FMarcoss · first_building Barracks |
| 8:11 | Lina · wall_segment Palisade Wall x1 |
| 8:21 | Lina · wall_segment Palisade Wall x1 |
| 8:27 | FMarcoss · wall_segment Palisade Wall x1 |
| 8:29 | FMarcoss · wall_segment Palisade Wall x1 |
| 8:31 | FMarcoss · wall_segment Palisade Wall x1 |
| 8:34 | Lina · wall_segment Palisade Wall x1 |
| 8:35 | FMarcoss · wall_segment Palisade Wall x1 |
| 8:36 | FMarcoss · wall_segment Palisade Wall x1 |
| 8:38 | FMarcoss · wall_segment Palisade Wall x1 |
| 8:55 | FMarcoss · age_up feudal |
| 8:58 | FMarcoss · first_building Archery Range |
| 8:59 | Lina · wall_segment Palisade Wall x1 |
| 9:09 | Lina · wall_segment Palisade Wall x1 |
| 9:10 | Lina · wall_segment Palisade Wall x1 |
| 9:41 | Lina · age_up feudal |
| 10:03 | Lina · first_building Archery Range |
| 10:38 | Lina · wall_segment Palisade Wall x1 |
| 13:02 | Lina · wall_segment Palisade Wall x6 |
| 13:43 | Lina · wall_segment Palisade Wall x1 |
| 17:51 | FMarcoss · wall_segment Palisade Wall x1 |
| 22:11 | FMarcoss · first_market_sell 100 wood |
| 22:22 | FMarcoss · wall_segment Palisade Wall x1 |
| 22:26 | FMarcoss · wall_segment Palisade Wall x1 |
| 22:44 | FMarcoss · wall_segment Palisade Wall x1 |
| 24:08 | FMarcoss · wall_segment Palisade Wall x1 |
| 25:06 | Lina · first_market_sell 500 wood |
| 25:14 | Lina · first_market_buy 100 food |
| 26:08 | FMarcoss · wall_segment Palisade Wall x1 |
| 26:22 | FMarcoss · age_up castle |
| 26:38 | FMarcoss · wall_segment Palisade Wall x1 |
| 27:19 | FMarcoss · first_building Castle |
| 27:57 | FMarcoss · first_building Siege Workshop |
| 27:59 | Lina · age_up castle |
| 29:35 | Lina · first_building Siege Workshop |
| 30:54 | FMarcoss · resign |
[ AI ANALYSIS · 1 CREDIT ]
What really happened in this match?
Wolo.gg analyzes every decision: build order, eco, micro, common mistakes by bracket. Personalized analysis on WhatsApp or Discord in 30 seconds.
Civ guide
Tupi
Perfil
Jugador #299269